 Dungeon Crawl Stone Soup version 0.30-b1-2-g02819fbbbe (webtiles) character file.

Game seed: 14409403849836343195

185 HoaS the Shooter (level 5, -3/41 HPs)
             Began as a Demigod Hunter on May 8, 2023.
             Slain by an ogre
             ... wielding a +0 giant spiked club
              (36 damage)
             ... on level 4 of the Dungeon.
             The game lasted 00:05:47 (2650 turns).

HoaS the Shooter (Demigod Hunter)                   Turns: 2650, Time: 00:05:48

Health: -3/41      AC:  5    Str: 12    XL:     5   Next: 14%
Magic:  7/7        EV: 12    Int: 11    God:
Gold:   188        SH:  0    Dex: 27    Spells: 4/4 levels left

rFire   . . .        a - +0 shortbow (flame)
rCold   . . .        (shield currently unavailable)
rNeg    . . .        c - +1 leather armour
rPois   .            (no helmet)
rElec   .            (no cloak)
rCorr   .            (no gloves)
SInv    .            e - +0 pair of boots
Will    .....        (no amulet)
Stlth   ++           g - +6 ring of dexterity
HPRegen 0.26/turn    (no ring)
MPRegen 0.10/turn

%: no passive effects
@: no status effects
A: high MP 1, forlorn, divine attributes
a: no special abilities


You were on level 4 of the Dungeon.
You visited 1 branch of the dungeon, and saw 4 of its levels.

You collected 188 gold pieces.

Inventory:

Hand Weapons
 a - a +0 shortbow of flaming (weapon)
Armour
 c - a +1 leather armour (worn)
 e - a +0 pair of boots (worn)
Jewellery
 g - a +6 ring of dexterity (left hand)
Wands
 j - a wand of flame (6)
Scrolls
 b - a scroll of immolation
 f - a scroll of teleportation
 i - a scroll of magic mapping
Potions
 h - a potion of heal wounds
 l - a potion of lignification


   Skills:
 - Level 1.7 Fighting
 + Level 6.1 Ranged Weapons
 - Level 1.7 Dodging
 - Level 0.8 Stealth


You had 4 spell levels left.
You didn't know any spells.
Your spell library contained the following spells:

 Spells                   Type           Power      Damage    Failure   Level
 Tukima's Dance           Hex            0%         N/A       80%         3
 Passage of Golubria      Tloc           0%         N/A       99%         4
 Yara's Violent Unravell  Hex/Tmut       0%         3d3       100%        5


Dungeon Overview and Level Annotations

Branches:
Dungeon (4/15)
 Temple: D:4-7


Innate Abilities, Weirdness & Mutations

You have an increased reservoir of magic. (+10% MP)
You shall have no god before yourself.
Your divine heritage dramatically boosts your attributes as you level up.


Message History

Found a dagger.
Found a scroll of poison.
You see here a +1 scale mail of willpower.
j - a wand of flame (6) Done exploring.
Done exploring.
Done exploring.
Done exploring.
Done exploring.
As you read the scroll of identify, it crumbles to dust.
h - a potion of heal wounds
(D) Dungeon
Where to? (Enter - D:3 @ (x,y), ? - help)
You see here a +0 dagger.
There is an open door here.
There is a stone staircase leading down here.
You climb downwards.
Found a rapier.
Found a stone staircase leading up.
There is a stone staircase leading up here.
An ogre is nearby!
Press: ? - help, v - describe, . - travel
Here: an ogre, wielding a +0 giant spiked club (asleep)
The floor.
Placed new exclusion.
You shoot an arrow. The arrow hits the ogre!
The arrow burns the ogre.
The ogre shouts!
The ogre is moderately wounded.
You hear a shout!
Unknown command.
Press: ? - help, v - describe, . - travel The floor.
Reduced exclusion size to a single square.
Removed exclusion.
You shoot an arrow. The arrow hits the ogre!
The arrow burns the ogre.
The ogre is severely wounded.
The ogre hits you with a +0 giant spiked club!
You shoot an arrow. The arrow completely misses the ogre.
The ogre hits you with a +0 giant spiked club!!!
Ouch! That really hurt!
You die...

..#..
..#.##
...<.
#...#
#...#
#)..#
#.O.#####
#@.......
#.#######
... ##.##
..# ###


You could see an ogre.

Vanquished Creatures
  An orc wizard (D:3)
  8 gnolls
  An adder (D:3)
  A worm (D:2)
  3 dart slugs
  4 orcs (D:3)
  7 ball pythons
  8 endoplasms
  2 giant cockroaches
  7 goblins
  3 hobgoblins (D:2)
  3 quokkas (D:1)
  4 bats
  4 frilled lizards
  3 kobolds
  6 rats
65 creatures vanquished.

Notes
Turn   | Place    | Note
-------+----------+-------------------------------------------
     0 | D:1      | HoaS the Demigod Hunter began the quest for the Orb.
     0 | D:1      | Reached XP level 1. HP: 17/17 MP: 3/3
   211 | D:1      | Reached skill level 4 in Ranged Weapons
   244 | D:1      | Reached XP level 2. HP: 24/24 MP: 4/4
   847 | D:2      | Reached XP level 3. HP: 29/29 MP: 5/5
  1068 | D:2      | Reached skill level 5 in Ranged Weapons
  1233 | D:2      | Reached XP level 4. HP: 36/36 MP: 6/6
  2028 | D:3      | Reached skill level 6 in Ranged Weapons
  2028 | D:3      | Reached XP level 5. HP: 41/41 MP: 7/7
  2647 | D:4      | Noticed an ogre
  2650 | D:4      | Slain by an ogre

Illustrated notes

Levels and vault maps discovered:
D:1:      dpeg_arrival_round_c, layout_loops_ring,
          ebering_ecumenical_altar_petrified
D:2:      layout_rooms
D:3:      layout_loops_corners, grunt_gozag_statues, minivault_5
D:4:      layout_basic

Skill      XL: |  1  2  3  4 |
---------------+-------------+-----
Ranged Weapons | 4 5 6 |  6.1
Fighting       | |  1.7
Dodging        | |  1.7
Stealth        | |  0.8

Action                     |  1- 3 |  4- 6 || total
---------------------------+-------+-------++-------
   Fire: Shortbow          |    84 |    52 ||   136
    Use: Scroll            |     9 |     5 ||    14
 Armour: Leather armour    |       |     5 ||     5
  Dodge: Dodged            |    14 |    13 ||    27
